 Dungeon Crawl Stone Soup version 0.32-a0-720-g1d96ad090f (webtiles) character file.

Game seed: 12557557748116257469

29 Ajdolov the Shooter (level 3, -1/29 HPs)
             Began as a Ghoul Hunter on Mar 16, 2024.
             Slain by an orc priest
             ... wielding a +0 flail of protection
              (4 damage)
             ... on level 3 of the Dungeon.
             The game lasted 00:01:55 (1344 turns).

Ajdolov the Shooter (Ghoul Hunter)                  Turns: 1344, Time: 00:01:56

Health: -1/29      AC:  4    Str: 14    XL:     3   Next: 16%
Magic:  3/3        EV: 10    Int:  8    God:
Gold:   60         SH:  0    Dex: 14    Spells: 2/2 levels left

rFire   . . .        a - +0 shortbow
rCold   + . .        (shield currently unavailable)
rNeg    + + +        c - +0 leather armour
rPois   ∞            (no helmet)
rElec   .            (no cloak)
rCorr   .            (no gloves)
SInv    .            p - +0 pair of boots
Will    .....        (no amulet)
Stlth   +            (no ring)
HPRegen 0.00/turn    (no ring)
MPRegen 0.08/turn

%: no passive effects
@: inhibited regen
A: claws 1, cold resistance 1, negative energy resistance 3, inhibited
regeneration, torment resistance 2, devour on kill
a: Convert to Beogh


You were on level 3 of the Dungeon.
You visited 1 branch of the dungeon, and saw 3 of its levels.

You collected 93 gold pieces.
You spent 33 gold pieces at shops.

Inventory:

Hand Weapons
 a - a +0 shortbow (weapon)
Armour
 c - a +0 leather armour (worn)
 p - a +0 pair of boots (worn)
Scrolls
 b - a scroll of butterflies
 d - a scroll of enchant weapon {unknown}
 e - a scroll of torment {unknown}
 f - a scroll of fog {unknown}
 g - a scroll of blinking {unknown}
 i - a scroll of vulnerability {unknown}
 j - 2 scrolls of immolation {unknown}
 n - a scroll of teleportation {unknown}
 o - a scroll of identify {unknown}
Potions
 h - 2 potions of lignification {unknown}
 k - a potion of cancellation {unknown}
 l - a potion of might {unknown}
 q - 2 potions of attraction {unknown}


   Skills:
 - Level 2.1 Fighting
 * Level 4.5 Ranged Weapons
 - Level 1.7 Dodging
 - Level 1.1 Stealth


You had 2 spell levels left.
You didn't know any spells.
Your spell library contained the following spells:

 Spells                   Type           Power      Damage    Failure   Level
 Petrify                  Alch/Erth      0%         N/A       99%         4
 Irradiate                Conj/Alch      0%         3d11      100%        5
 Sublimation of Blood     Necr           Unusable   N/A       N/A         2

Dungeon Overview and Level Annotations

Branches:
Dungeon (3/15)

Altars:
Wu Jian

Shops:
D:2 !


Innate Abilities, Weirdness & Mutations

You are immune to poison.
You have sharp fingernails.
Your flesh is cold resistant. (rC+)
You are immune to negative energy. (rN+++)
You do not regenerate when monsters are visible.
You are immune to unholy pain and torment.
You thrive by killing the living.


Message History

You aren't carrying any items that you can evoke.
You feel better.
The orc priest hits you but does no damage.
Fire: a) +0 shortbow
Press: ? - help, Q - select action Shift-Dir - straight line, f/p - orc priest
Aim: an orc priest, wielding a +0 flail of protection and wearing a +0 ring mail (moderately wounded, 65% to hit)
You shoot an arrow.
The arrow closely misses the orc priest.
The orc priest closely misses you.
Fire: a) +0 shortbow
Press: ? - help, Q - select action Shift-Dir - straight line, f/p - orc priest
Aim: an orc priest, wielding a +0 flail of protection and wearing a +0 ring mail (moderately wounded, 65% to hit)
You shoot an arrow.
The arrow hits the orc priest but does no damage.
The orc priest is moderately wounded.
The orc priest hits you but does no damage.
The orc priest barely misses you.
Fire: a) +0 shortbow
Press: ? - help, Q - select action Shift-Dir - straight line, f/p - orc priest
Aim: an orc priest, wielding a +0 flail of protection and wearing a +0 ring mail (moderately wounded, 65% to hit)
You shoot an arrow. The arrow hits the orc priest.
The orc priest is moderately wounded.
The orc priest hits you with a +0 flail of protection!
* * * LOW HITPOINT WARNING * * *
Fire: a) +0 shortbow
Press: ? - help, Q - select action Shift-Dir - straight line, f/p - orc priest
Aim: an orc priest, wielding a +0 flail of protection and wearing a +0 ring mail (moderately wounded, 65% to hit)
You shoot an arrow.
The arrow hits the orc priest but does no damage.
The orc priest is moderately wounded.
The orc priest shouts, "Surrender to Beogh and we'll let you live!" x2
The orc priest barely misses you.
Fire: a) +0 shortbow
Press: ? - help, Q - select action Shift-Dir - straight line, f/p - orc priest
Aim: an orc priest, wielding a +0 flail of protection and wearing a +0 ring mail (moderately wounded, 65% to hit)
You shoot an arrow.
The arrow hits the orc priest but does no damage.
The orc priest is moderately wounded.
The orc priest hits you with a +0 flail of protection.
You die...

...# ...# #..## ....
#).# #.. ##o## #.@.#
#### #...# ..# #...#
###.# ##.## .)#.#######
#.# #.........#
##.###### ###.##.##.#
#.......#
....##.##.#####..####.#
###.##...........#


You could see an orc priest.

Vanquished Creatures
  An adder (D:2)
  2 orcs (D:3)
  A ball python (D:1)
  2 endoplasms (D:2)
  A giant cockroach (D:2)
  A goblin (D:1)
  3 hobgoblins
  2 bats
  2 frilled lizards (D:1)
  2 kobolds (D:2)
  A rat (D:2)
18 creatures vanquished.

Notes
Turn   | Place    | Note
-------+----------+-------------------------------------------
     0 | D:1      | Ajdolov the Ghoul Hunter began the quest for the Orb.
     0 | D:1      | Reached XP level 1. HP: 17/17 MP: 1/1
   447 | D:1      | Reached skill level 4 in Ranged Weapons
   447 | D:1      | Reached XP level 2. HP: 24/24 MP: 2/2
   751 | D:2      | Found an ornate altar of the Wu Jian Council.
   761 | D:2      | Found Inluumeja's Distillery.
   764 | D:2      | Bought a potion of curing for 33 gold pieces
  1103 | D:2      | Reached XP level 3. HP: 29/29 MP: 3/3
  1191 | D:2      | Identified the +0 robe of Entitlement {^Contam Int+6}
  1344 | D:3      | Slain by an orc priest

Illustrated notes

Levels and vault maps discovered:
D:1:      dpeg_arrival_court, layout_loops_ring
D:2:      layout_loops_ring, serial_shops, nicolae_shop_window_shopping,
          basic_altar
D:3:      layout_loops_cross, mainiacjoe_sewer_entry_somewhere_in_here_1,
          kennysheep_generic_room_16

Skill      XL: |  1 |
---------------+----+-----
Ranged Weapons | 4 |  4.5
Fighting       | |  2.1
Dodging        | |  1.7
Stealth        | |  1.1

Action                     || total
---------------------------++-------
   Fire: Shortbow          ||    59
    Use: Potion            ||     1
 Armour: Leather armour    ||    12
  Dodge: Dodged            ||     9

Table legend: (Time is in decaauts)
 A = Elapsed time spent in this place.
 B = Non-inter-level travel time spent in this place.
 C = Inter-level travel time spent in this place.
 D = Time resting spent in this place.
 E = Time spent auto-exploring this place.
 F = Levels seen in this place.
 G = Mean time per level.
                   A        B        C        D        E       F      G
               +--------+--------+--------+--------+--------+-----+--------+
         Total |   1356 |   1245 |    111 |      0 |   1042 |   3 |  452.0 |
       Dungeon |   1356 |   1245 |    111 |      0 |   1042 |   3 |  452.0 |
               +--------+--------+--------+--------+--------+-----+--------+

Top non-repeatable levels by time:
     D:1: 776 daAuts
     D:2: 532 daAuts
     D:3: 47 daAuts
